 Dungeon Crawl Stone Soup version 0.21-a0-396-ga924934 (webtiles) character file.

58117 Horrz the Fighter (level 14, -1/124 HPs)
             Began as a Demonspawn Abyssal Knight on Oct 17, 2017.
             Was the Champion of Lugonu.
             Slain by Agnes
             ... wielding a +0 lajatang
              (14 damage)
             ... on level 15 of the Dungeon on Oct 19, 2017.
             The game lasted 01:40:29 (22444 turns).

Horrz the Fighter (Demonspawn Abyssal Knight)      Turns: 22444, Time: 01:40:29

Health: -1/124     AC: 24    Str: 13    XL:     14   Next: 48%
Magic:  0/20       EV:  8    Int: 14    God:    Lugonu [******]
Gold:   1442       SH:  0    Dex: 17    Spells: 13/13 levels left

rFire    + . .     SeeInvis +   M - +0 battleaxe
rCold    + . .     Gourm    .   (shield currently unavailable)
rNeg     + . .     Faith    .   B - +2 plate armour of a ziggurat {-Tele rPois SInv Stlth-}
rPois    +         Spirit   +   (helmet restricted)
rElec    +         Reflect  .   U - +0 cloak
rCorr    +         Harm     .   (no gloves)
MR       +....     NoTele   +   r - +0 pair of boots
Stlth    ..........             I - amulet of guardian spirit
HPRegen  0.30/turn              Z - +3 ring of protection
MPRegen  0.17/turn              G - ring of positive energy

@: resistant, barbed spikes, studying Earth Magic
A: horns 2, rugged brown scales 3, powered by death 1, spiny 2
a: Depart the Abyss, Bend Space, Banish, Corrupt, Enter the Abyss, Brand Weapon
With Distortion, Renounce Religion


You were on level 15 of the Dungeon.
You worshipped Lugonu.
Lugonu was exalted by your worship.
You were not hungry.

You visited 4 branches of the dungeon, and saw 20 of its levels.
You visited the Abyss 2 times.

You collected 2282 gold pieces.
You spent 840 gold pieces at shops.

Inventory:

Hand Weapons
 C - a +4 hand axe of electrocution
 M - a +0 battleaxe (weapon)
 N - a +1 hand axe of flaming
Armour
 r - a +0 pair of boots (worn)
 B - the +2 plate armour of a ziggurat (worn) {-Tele rPois SInv Stlth-}
   (You bought it in a shop on level 15 of the Dungeon)

   It protects you from poison.
   It lets you see invisible.
   It prevents most forms of teleportation.
   It makes you less stealthy.
 F - a +1 scale mail of magic resistance
 R - a +1 chain mail of fire resistance
 U - a +0 cloak (worn)
Jewellery
 a - an uncursed amulet of rage
 G - a ring of positive energy (right hand)
 I - an amulet of guardian spirit (around neck)
 L - an uncursed amulet of magic regeneration
 W - an uncursed ring of ice
 Z - a +3 ring of protection (left hand)
Wands
 b - a wand of polymorph (10/24)
 o - a wand of iceblast (13/15)
 x - a wand of flame (7/48)
 O - a wand of flame (29/48)
 P - a wand of iceblast (7/15)
 S - a wand of digging (12/24)
Scrolls
 d - 5 scrolls of remove curse
 e - 3 scrolls of fear
 j - 9 scrolls of teleportation
 k - 10 scrolls of identify
 n - a scroll of noise {unknown}
 t - 3 scrolls of blinking {unknown}
 w - 4 scrolls of amnesia
 y - 4 scrolls of enchant weapon
 z - 6 scrolls of recharging
 D - 4 scrolls of enchant armour {unknown}
 E - a scroll of brand weapon {unknown}
 T - a scroll of holy word {unknown}
Potions
 f - 7 potions of agility
 i - 6 potions of brilliance
 m - a potion of might {unknown}
 p - 3 potions of magic {unknown}
 s - 8 potions of curing
 A - 2 potions of ambrosia {unknown}
 H - 3 potions of flight
 K - a potion of cancellation {unknown}
 Q - a potion of lignification {unknown}
 V - 2 potions of haste {unknown}
Books
 g - a book of the Earth

   Spells                             Type                      Level
   a - Leda's Liquefaction            Hexes/Earth                  4
   b - Bolt of Magma                  Conjuration/Fire/Earth       5
   c - Statue Form                    Transmutation/Earth          6
   d - Iron Shot                      Conjuration/Earth            6
   e - Shatter                        Earth                        9
 J - a book of Air

   Spells                             Type                      Level
   a - Shock                          Conjuration/Air              1
   b - Swiftness                      Charms/Air                   2
   c - Static Discharge               Conjuration/Air              3
   d - Airstrike                      Air                          4
   e - Lightning Bolt                 Conjuration/Air              5
 X - a manual of Earth Magic
 Y - a book of Geomancy

   Spells                             Type                      Level
   a - Sandblast                      Earth                        1
   b - Passwall                       Transmutation/Earth          2
   c - Stone Arrow                    Conjuration/Earth            3
   d - Petrify                        Transmutation/Earth          4
   e - Lee's Rapid Deconstruction     Earth                        5
Miscellaneous
 h - a box of beasts
Comestibles
 c - 13 bread rations
 l - 3 meat rations
 q - 25 fruits
 u - 10 royal jellies


   Skills:
 + Level 12.4 Fighting
 + Level 11.4 Axes
 * Level 8.0 Armour
 + Level 11.0 Dodging
   Level 9.3 Shields
 - Level 0.1 Earth Magic
 - Level 9.0 Invocations
 + Level 3.6 Evocations


You had 13 spell levels left.
You didn't know any spells.

Dungeon Overview and Level Annotations

Branches:
Dungeon (15/15)            Temple (1/1) D:5            Lair (2/6) D:8
 Shoals (0/4) Lair:2       Spider (0/4) Lair:2          Orc (2/2) D:12
    Elf (0/3) Orc:2        Vaults (0/5) D:13
 Depths: D:15

Altars:
Ashenzari
Cheibriados
Dithmenos
Elyvilon
Fedhas
Gozag
Hepliaklqana
Kikubaaqudgha
Makhleb
Nemelex Xobeh
Okawaru
Qazlal
Ru
Sif Muna
Trog
Uskayaw
Vehumet
Wu Jian
Xom
Yredelemnul
Zin
The Shining One

Shops:
D:15 [   Orc:1 }   Orc:2 :

Annotations:
D:15 Agnes
Orc:2 WhatIsLove's ghost, journeyman GnFi


Innate Abilities, Weirdness & Mutations

You have a pair of horns on your head.
You are completely covered in rugged brown scales. (AC +3, +7% HP)
You regenerate a little health from kills.
You are mostly covered in sharp spines.


Message History

You miss Agnes. Your headbutt misses Agnes.
Agnes is heavily wounded.
Agnes is struck by your spines. Agnes hits you with a lajatang!!
Agnes is struck by your spines. Agnes completely misses you.
The manticore is struck by your spines. The manticore closely misses you.
The manticore claws you. x2
You feel better. Agnes is struck by your spines.
Agnes hits you with a lajatang!!
* * * LOW HITPOINT WARNING * * *
The manticore is struck by your spines. The manticore bites you.
* * * LOW HITPOINT WARNING * * *
The manticore claws you.
* * * LOW HITPOINT WARNING * * *
The manticore claws you.
* * * LOW HITPOINT WARNING * * *
Agnes hits you with a lajatang!
* * * LOW HITPOINT WARNING * * *
You feel protected. Agnes hits you with a lajatang!
You die...

#. #. .. ######
###### #....
#....# #.....
#.....##....#
#.....
#.......H...#
###...#
#......Di@..#
......#
#..##.####..#
#.....
#..#######..#
#.....
#...#....'..#....
#.....
#...'....#..#...
#.....
##'####..#####..
#.....
#.(.###).#......
####+#
#.....#..#....#
#.∩...#..#....+


You could see Agnes, a manticore and a steam dragon.

Vanquished Creatures
  A stone giant (D:11)
  Snorg (Orc:1)
  An ogre mage (Orc:1)
  Fannar (D:11)
  2 hydras (D:14)
  Erica (Lair:1)
  2 centaur warriors (D:15)
  10 two-headed ogres
  3 skeletal warriors (D:13)
  3 unseen horrors
  A glowing orange brain (Abyss:2)
  A wolf spider zombie (D:15)
  A wizard (D:13)
  A necromancer (D:13)
  2 deep elf magi
  2 orc knights
  3 cyclopes
  2 manticores
  2 orc sorcerers (Orc:2)
  5 ugly things
  A worldbinder (Abyss:2)
  6 spiny frogs
  2 gargoyles
  2 komodo dragons
  A yaktaur (D:14)
  A rime drake (D:14)
  A tengu conjurer (D:13)
  6 jumping spiders (Lair:2)
  7 trolls
  2 hornets (D:10)
  15 blink frogs
  9 hippogriffs
  Grinder (D:6)
  A snapping turtle (Lair:2)
  A meliai zombie (D:15)
  3 redbacks (Lair:2)
  A wraith (D:11)
  A spriggan (D:7)
  A centaur simulacrum (D:15)
  22 yaks
  14 wyverns
  7 basilisks
  3 hungry ghosts
  Eustachio (D:4)
  3 vampire mosquitoes (D:13)
  A warg (Orc:2)
  6 water moccasins
  A hornet zombie (D:9)
  7 porcupines
  A black bear (D:9)
  4 sky beasts
  16 orc warriors
  7 ice beasts
  A necrophage (D:11)
  An eye of draining (D:11)
  18 wolves (Lair:1)
  2 phantoms
  9 ogres
  3 centaurs
  11 crocodiles
  A big kobold (D:13)
  Blork the orc (D:6)
  A small abomination (Abyss:2)
  17 bullfrogs
  A wyvern skeleton (D:9)
  5 scorpions
  8 killer bees
  2 howler monkeys
  7 wights
  5 electric eels
  7 crimson imps
  2 bullfrog zombies
  3 centaur zombies
  6 centaur skeletons
  10 orc priests
  4 hounds
  2 jellies
  14 orc wizards
  A bullfrog skeleton (D:11)
  7 iguanas
  6 worker ants
  A hound skeleton (D:4)
  A worker ant zombie (D:6)
  A gnoll (D:1)
  A howler monkey skeleton (D:10)
  9 adders
  4 shadow imps
  An ooze (D:6)
  An adder skeleton (D:9)
  An adder zombie (D:6)
  A worm (D:2)
  A dart slug (D:1)
  4 leopard geckos
  65 orcs
  3 ball pythons
  6 bats
  4 giant cockroaches
  3 goblins
  12 hobgoblins
  5 jackals
  8 kobolds
  3 quokkas
  3 frilled lizards
  A goblin skeleton (D:4)
  2 goblin zombies (D:4)
  2 hobgoblin zombies (D:4)
  A jackal skeleton (D:8)
  A kobold skeleton (D:4)
  2 kobold zombies (D:4)
  A leopard gecko skeleton (D:8)
  A leopard gecko zombie (D:8)
  3 orc skeletons (D:4)
  A quokka skeleton (D:8)
  3 rats
  A fungus (D:3)
  A plant (Lair:2)
513 creatures vanquished.

Vanquished Creatures (others)
  An orc wizard (Orc:2)
  5 fungi
  4 plants (D:8)
10 creatures vanquished.

Grand Total: 523 creatures vanquished

Notes
Turn   | Place    | Note
-------+----------+-------------------------------------------
     0 | Abyss:1  | Horrz the Demonspawn Abyssal Knight began the quest for the Orb.
     0 | Abyss:1  | Reached XP level 1. HP: 18/18 MP: 2/2
    64 | Abyss:1  | Noticed a smoke demon
    72 | D:1      | Escaped the Abyss
   313 | D:1      | Gained mutation: You are partially covered in sharp spines. [demonic ancestry]
   313 | D:1      | Reached XP level 2. HP: 3/24 MP: 3/3
   873 | D:1      | Reached * piety under Lugonu
  1080 | D:1      | Reached XP level 3. HP: 26/29 MP: 4/4
  2510 | D:2      | Found an ancient bone altar of Kikubaaqudgha.
  3168 | D:3      | Reached XP level 4. HP: 32/37 MP: 5/5
  3172 | D:3      | Reached skill level 4 in Fighting
  3172 | D:3      | Reached skill level 1 in Dodging
  3862 | D:3      | Reached ** piety under Lugonu
  4084 | D:4      | Noticed Eustachio
  4207 | D:4      | Found a glowing golden altar of the Shining One.
  4278 | D:4      | Gained mutation: You are partially covered in rugged brown scales. (AC +1, +3% HP) [demonic ancestry]
  4278 | D:4      | Reached XP level 5. HP: 18/43 MP: 6/6
  4458 | D:4      | You fall through a shaft for 2 floors!
  4461 | D:5      | Entered Level 5 of the Dungeon
  4461 | D:5      | Noticed an ogre
  4470 | D:5      | Killed an ogre
  4612 | D:5      | Found a snail-covered altar of Cheibriados.
  4612 | D:5      | Found an ornate altar of the Wu Jian Council.
  4612 | D:5      | Found a basalt altar of Yredelemnul.
  4612 | D:5      | Found a blossoming altar of Fedhas.
  4612 | D:5      | Found an ornate altar of the Wu Jian Council.
  4612 | D:5      | Found an opulent altar of Gozag.
  4613 | D:5      | Found an opulent altar of Gozag.
  4613 | D:5      | Found an ancient bone altar of Kikubaaqudgha.
  4614 | D:5      | Found an opulent altar of Gozag.
  4614 | D:5      | Found a glowing silver altar of Zin.
  4614 | D:5      | Found an iron altar of Okawaru.
  4614 | D:5      | Found a shimmering altar of Xom.
  4617 | D:5      | Found a staircase to the Ecumenical Temple.
  4623 | D:5      | Gained mutation: You are mostly covered in rugged brown scales. (AC +2, +5% HP) [demonic ancestry]
  4623 | D:5      | Reached XP level 6. HP: 33/51 MP: 7/7
  4737 | Temple   | Entered the Ecumenical Temple
  6021 | D:4      | Killed Eustachio
  6021 | D:4      | Reached skill level 5 in Fighting
  6021 | D:4      | Gained mutation: You are mostly covered in sharp spines. [demonic ancestry]
  6021 | D:4      | Reached XP level 7. HP: 47/58 MP: 8/8
  6060 | D:4      | Got a shimmering robe
  6071 | D:4      | Identified the +1 robe "Aculesen" {+Inv Str+2 Slay+3} (You found it on level 4 of the Dungeon)
  6833 | D:6      | Found a sparkling altar of Nemelex Xobeh.
  6871 | D:6      | Reached XP level 8. HP: 67/67 MP: 9/9
  6871 | D:6      | Reached *** piety under Lugonu
  6948 | D:6      | Found a hide-covered altar of Uskayaw.
  6983 | D:6      | Found a shimmering altar of Xom.
  7066 | D:6      | Noticed Grinder
  7075 | D:6      | Killed Grinder
  7075 | D:6      | Reached skill level 5 in Axes
  7075 | D:6      | Reached skill level 1 in Shields
  7173 | D:6      | Noticed Blork the orc
  7191 | D:6      | Killed Blork the orc
  7191 | D:6      | Reached skill level 6 in Fighting
  7770 | D:7      | Reached skill level 5 in Armour
  8392 | D:8      | Gained mutation: You have a pair of small horns on your head. [demonic ancestry]
  8392 | D:8      | Reached XP level 9. HP: 74/74 MP: 10/10
  8423 | D:8      | Reached skill level 5 in Dodging
  8428 | D:8      | Reached skill level 7 in Fighting
  8673 | D:8      | Found a staircase to the Lair.
  8728 | D:8      | Noticed a two-headed ogre
  8737 | D:8      | Killed a two-headed ogre
  8737 | D:8      | Gained mutation: You have a pair of horns on your head. [demonic ancestry]
  8737 | D:8      | Reached XP level 10. HP: 50/84 MP: 6/11
  8990 | D:8      | Reached **** piety under Lugonu
  9425 | Lair:1   | Entered Level 1 of the Lair of Beasts
  9533 | Lair:1   | Reached skill level 8 in Fighting
  9565 | Lair:1   | Noticed a spiny frog
  9566 | Lair:1   | Reached skill level 5 in Shields
  9571 | Lair:1   | Killed a spiny frog
  9633 | Lair:1   | Reached skill level 5 in Invocations
 10253 | Lair:2   | Noticed a spiny frog
 10258 | Lair:2   | Noticed a spiny frog
 10259 | Lair:2   | Killed a spiny frog
 10259 | Lair:2   | Gained mutation: You regenerate a little health from kills. [demonic ancestry]
 10259 | Lair:2   | Reached XP level 11. HP: 23/91 MP: 3/15
 10297 | Lair:2   | Reached ***** piety under Lugonu
 10796 | Lair:1   | Reached skill level 9 in Fighting
 10927 | Lair:1   | Noticed Erica
 10945 | Lair:1   | Killed Erica
 11955 | Lair:2   | Found a hole to the Spider Nest.
 12311 | Lair:2   | Reached XP level 12. HP: 35/101 MP: 8/18
 12876 | Lair:2   | Found a staircase to the Shoals.
 12905 | Lair:1   | Reached skill level 10 in Fighting
 13527 | D:9      | Found a shadowy altar of Dithmenos.
 14006 | D:10     | Entered Level 10 of the Dungeon
 14609 | D:11     | Noticed a two-headed ogre
 14614 | D:11     | Killed a two-headed ogre
 14847 | D:11     | Noticed Fannar
 14987 | D:11     | Killed Fannar
 15426 | D:12     | Noticed a two-headed ogre
 15432 | D:12     | Killed a two-headed ogre
 15737 | D:12     | Noticed a two-headed ogre
 15742 | D:12     | Noticed a two-headed ogre
 15745 | D:12     | Noticed a two-headed ogre
 15747 | D:12     | Noticed a stone giant
 15758 | D:11     | Killed a two-headed ogre
 16057 | D:11     | Killed a two-headed ogre
 16081 | D:12     | Killed a two-headed ogre
 16081 | D:12     | Gained mutation: You are completely covered in rugged brown scales. (AC +3, +7% HP) [demonic ancestry]
 16081 | D:12     | Reached XP level 13. HP: 87/112 MP: 16/19
 16182 | D:11     | Killed a stone giant
 16182 | D:11     | Reached skill level 11 in Fighting
 16521 | D:12     | Found the +6 shillelagh "Devastator" {shatter}
 16665 | D:12     | Reached skill level 10 in Axes
 16749 | D:12     | Reached ****** piety under Lugonu
 16866 | D:12     | Found a staircase to the Orcish Mines.
 17243 | D:13     | Found a gate to the Vaults.
 17253 | D:13     | Cast into level 2 of the Abyss (a wizard)
 17254 | Abyss:2  | Noticed a tentacled starspawn
 17254 | Abyss:2  | Noticed a tentacled starspawn
 17321 | Abyss:2  | Noticed a balrug
 17322 | D:13     | Escaped the Abyss
 17479 | D:13     | Reached skill level 10 in Dodging
 17662 | D:13     | Upgraded the game from 0.21-a0-372-gd0ff781 to 0.21-a0-380-gd65dc97
 17662 | D:13     | Upgraded the game from 0.21-a0-380-gd65dc97 to 0.21-a0-396-ga924934
 19064 | Orc:1    | Entered Level 1 of the Orcish Mines
 19076 | Orc:1    | Reached skill level 12 in Fighting
 19297 | D:12     | Reached skill level 1 in Evocations
 19297 | D:12     | Reached XP level 14. HP: 97/123 MP: 17/20
 19825 | Orc:2    | Entered Level 2 of the Orcish Mines
 19825 | Orc:2    | Found a staircase to the Elven Halls.
 20102 | Orc:1    | Noticed Snorg
 20130 | Orc:1    | Killed Snorg
 20243 | Orc:1    | Found Gatac's Gadget Shoppe.
 20961 | Orc:2    | Found Caur's Book Shoppe.
 20963 | Orc:2    | Noticed WhatIsLove's ghost (journeyman GnFi)
 21090 | D:15     | Entered Level 15 of the Dungeon
 21989 | D:15     | Found a snail-covered altar of Cheibriados.
 22378 | D:15     | Found Cigumeto's Antique Armour Shoppe.
 22384 | D:15     | Bought a pitted plate armour for 840 gold pieces
 22414 | D:15     | Identified the +2 plate armour of a ziggurat {-Tele rPois SInv Stlth-} (You bought it in a shop on level 15 of the Dungeon)
 22436 | D:15     | Noticed Agnes
 22444 | D:15     | Slain by Agnes

Vault maps used:
D:1:      roderic_chinese_lattice_arrival, serial_forest,
          infiniplex_forest_straight_3, infiniplex_forest_split,
          infiniplex_forest_lined_2, infiniplex_forest_diagonal,
          infiniplex_forest_straight_1, infiniplex_forest_diagonal
D:2:      kiku_gazebo_garden_becter
D:3:      first_bread, minmay_gold_behind_fungi
D:4:      nrook_loot_triangle, nicolae_tso_besieged_by_evil, uniq_eustachio
D:5:      temple_doors_ab
D:6:      minitemple, nemelex_xobeh_ov_fountains_minmay, uniq_grinder,
          uniq_blork_the_orc
D:7:      the_bakery
D:8:      minmay_lair_entry_grove, enter_bailey_2
D:9:      nicolae_dithmenos_shadow_blocks
D:11:     lemuel_ice_spiral_2, uniq_fannar
D:12:     minmay_roctagon, orc_0_dummy
D:13:     david_vaults_1, special_room, hex_large
D:14:     minmay_misc_feat_tiny
D:15:     grunt_enter_depths_hoard, basic_altar, serial_shops, shop_coins,
          uniq_agnes
Temple:   eino_narrow_crystal_temple
Lair:1:   nicolae_quartered_pool_medium, serial_bayou_pond_c,
          grunt_forest_large_clearings, uniq_erica
Lair:2:   minmay_shoals_entry_hut, nicolae_spider_entry_tight_spaces
Orc:1:    serial_shops, shop, uniq_snorg
Orc:2:    st_orc_elflike, abandoned_shop
Abyss:2:  minivault_28, onia_ninara_dug_in_and_dangerous

Skill      XL: |  1  2  3  4  5  6  7  8  9 10 11 12 13 14 |
---------------+-------------------------------------------+-----
Axes           | 2 3 4 5 6 7 8 9 11 | 11.4
Armour         | 2 3 4 5 6 7 8 |  8.0
Fighting       | 4 5 6 7 8 9 10 12 | 12.4
Dodging        | 1 2 3 4 6 7 8 9 10 11 | 11.0
Shields        | 2 4 5 7 8 9 |  9.3
Invocations    | 5 8 9 |  9.0
Evocations     | 1 3 |  3.6
Earth Magic    | |  0.1

Action                   |  1- 3 |  4- 6 |  7- 9 | 10-12 | 13-15 || total
-------------------------+-------+-------+-------+-------+-------++-------
Melee: Hand axe          |    96 |   142 |   142 |   487 |   616 ||  1483
       Headbutt          |       |       |     9 |   107 |   170 ||   286
       Battleaxe         |       |       |       |       |    39 ||    39
Invok: Depart the Abyss  |     1 |       |       |       |     1 ||     2
       Banish            |       |       |       |     1 |     2 ||     3
Evoke: Wand              |       |     2 |       |     1 |       ||     3
  Use: Scroll            |       |       |     6 |       |     9 ||    15
       Potion            |       |       |     1 |     3 |     4 ||     8
 Stab: Sleeping          |       |     1 |     4 |       |       ||     5
  Eat: Chunk             |     6 |     7 |     7 |    16 |    14 ||    50
       Bread ration      |       |     1 |       |     2 |     1 ||     4
       Meat ration       |       |       |       |       |     1 ||     1
Armor: Leather armour    |    24 |    26 |       |       |       ||    50
       Robe              |       |       |    24 |    22 |       ||    46
       Chain mail        |       |       |       |    91 |   261 ||   352
       Plate armour      |       |       |       |       |    17 ||    17
Dodge: Dodged            |    39 |    65 |    83 |   270 |   240 ||   697
Block: Buckler           |       |       |    11 |   147 |   196 ||   354

Table legend:
 A = Spawn XP
 B = Non-spawn XP
 C = Spawn XP percentage of total XP
 D = Spawn monster count
 E = Non-spawn monster count
 F = Spawn count percentage of total count
 G = Total turns spent on level
                    A         B        C        D         E        F      G
               +---------+---------+-------+---------+---------+-------+---------
         Total |     487 |   82538 |   0.6 |       1 |     510 |   0.2 | 22444
               +---------+---------+-------+---------+---------+-------+---------
           D:1 |       0 |      49 |   0.0 |       0 |      19 |   0.0 |  1382
           D:2 |       0 |      46 |   0.0 |       0 |      12 |   0.0 |  1690
           D:3 |       0 |      52 |   0.0 |       0 |      16 |   0.0 |  1045
           D:4 |       0 |     463 |   0.0 |       0 |      23 |   0.0 |   861
           D:5 |       0 |     369 |   0.0 |       0 |      13 |   0.0 |  1290
           D:6 |       0 |     881 |   0.0 |       0 |      18 |   0.0 |  1018
           D:7 |       0 |     915 |   0.0 |       0 |      12 |   0.0 |   805
           D:8 |       0 |    3707 |   0.0 |       0 |      42 |   0.0 |  1103
           D:9 |       0 |    1322 |   0.0 |       0 |      23 |   0.0 |   702
          D:10 |       0 |    2508 |   0.0 |       0 |      28 |   0.0 |   611
          D:11 |       0 |    8839 |   0.0 |       0 |      27 |   0.0 |  1277
          D:12 |       0 |    7928 |   0.0 |       0 |      19 |   0.0 |  1678
          D:13 |       0 |    7803 |   0.0 |       0 |      56 |   0.0 |   848
          D:14 |       0 |   12927 |   0.0 |       0 |      45 |   0.0 |  1160
          D:15 |       0 |    9210 |   0.0 |       0 |      21 |   0.0 |  1234
        Lair:1 |       0 |    8680 |   0.0 |       0 |      51 |   0.0 |  2268
        Lair:2 |       0 |    9419 |   0.0 |       0 |      42 |   0.0 |  1576
         Orc:1 |       0 |    4271 |   0.0 |       0 |      26 |   0.0 |  1001
         Orc:2 |       0 |    2367 |   0.0 |       0 |      15 |   0.0 |   560
       Abyss:2 |     487 |     782 |  38.4 |       1 |       2 |  33.3 |    69
               +---------+---------+-------+---------+---------+-------+---------
